 Dungeon Crawl Stone Soup version 0.30-a0-1116-gebefce21f7 (webtiles) character file.

Game seed: 15569675067008151438

14555 Arzdou the Severer (level 12, -2/104 HPs)
             Began as a Hill Orc Fighter on Apr 21, 2023.
             Was a Priest of Beogh.
             Killed from afar by a frost giant (21 damage)
             ... with a bolt of cold
             ... in an ice cave.
             The game lasted 00:23:23 (12578 turns).

Arzdou the Severer (Hill Orc Fighter)              Turns: 12578, Time: 00:23:24

Health: -2/104     AC: 15    Str: 27    XL:     12   Next: 17%
Magic:  3/17       EV: 11    Int:  8    God:    Beogh [***...]
Gold:   1955       SH:  5    Dex: 14    Spells: 11/11 levels left

rFire   . . .      SeeInvis .    a - +0 war axe
rCold   . . .      Faith    +    c - +0 buckler
rNeg    + . .      Spirit   .    x - +4 scale mail "Amiskowo" {rCorr Str+3 Dex-2}
rPois   +          Reflect  .    (no helmet)
rElec   .          Rampage  +    r - scarf {repulsion}
rCorr   +                        f - +0 pair of gloves
Will    .....                    v - +0 pair of boots of the Elephant {Rampage Drain Slay+2} Stlth
                                 K - amulet of faith
HPRegen 0.37/turn                H - ring "Bohesk" {rPois rN+ Dex+6}
MPRegen 0.15/turn                y - ring of flight

@: flying, studying Transmutations, repel missiles
A: no striking features
a: Renounce Religion, Smiting


You were in an ice cave.
You worshipped Beogh.
Beogh was most pleased with you.
You visited 3 branches of the dungeon, and saw 13 of its levels.
You also visited: Ice Cave.

You collected 1955 gold pieces.

Inventory:

Hand Weapons
 a - a +0 war axe (weapon)
 L - the +3 trident of Balance {freeze, rF+ Dex+4}
   (You took it off an orc on level 9 of the Dungeon)

   Dex:       It affects your dexterity (+4).
   rF:        It protects you from fire.
Armour
 b - a +0 scale mail
 c - a +0 buckler (worn)
 f - a +0 pair of gloves (worn)
 r - a scarf of repulsion (worn)
 v - the +0 pair of boots of the Elephant (worn) {Rampage Drain Slay+2}
   (You acquired it on level 8 of the Dungeon)

   Slay:      It affects your accuracy & damage with ranged weapons and melee
   (+2).
   Drain:     It drains your maximum health when unequipped.
   Rampage:   It bestows one free step when moving towards enemies.
 x - the +4 scale mail "Amiskowo" (worn) {rCorr Str+3 Dex-2}
   (You found it on level 5 of the Dungeon)

   Str:       It affects your strength (+3).
   Dex:       It affects your dexterity (-2).
   rCorr:     It protects you from acid and corrosion.
 J - a +0 plate armour
Jewellery
 y - a ring of flight (right hand)
 H - the ring "Bohesk" (left hand) {rPois rN+ Dex+6}
   (You found it on level 7 of the Dungeon)

   [ring of dexterity]

   Dex:       It affects your dexterity (+6).
   rPois:     It protects you from poison.
   rN:        It protects you from negative energy.
 K - an amulet of faith (around neck)
Wands
 p - a wand of digging (3)
 u - a wand of polymorph (11)
 G - a wand of flame (32)
 I - a wand of acid (6)
 N - a wand of paralysis (3)
Scrolls
 e - 4 scrolls of enchant weapon
 h - a scroll of vulnerability {unknown}
 i - 2 scrolls of fear {unknown}
 j - a scroll of summoning {unknown}
 l - 2 scrolls of blinking {unknown}
 q - 3 scrolls of teleportation
 s - a scroll of noise {unknown}
 t - a scroll of acquirement
 w - 2 scrolls of enchant armour {unknown}
 C - a scroll of magic mapping {unknown}
 E - 2 scrolls of torment {unknown}
 F - a scroll of poison {unknown}
 O - 2 scrolls of immolation {unknown}
 P - a scroll of fog {unknown}
Potions
 d - 2 potions of might
 g - a potion of cancellation {unknown}
 k - 2 potions of degeneration {unknown}
 m - 3 potions of brilliance
 n - 3 potions of lignification
 o - a potion of heal wounds {unknown}
 z - 2 potions of ambrosia
 A - 2 potions of attraction {unknown}
 B - 3 potions of flight {unknown}
 D - a potion of haste
 M - 2 potions of curing {unknown}
 Q - a potion of mutation {unknown}


   Skills:
 + Level 9.3 Fighting
 * Level 17.0 Axes
 + Level 9.6 Armour
 + Level 3.5 Dodging
 - Level 1.1 Stealth
 + Level 6.4 Shields
 * Level 7.8 Invocations


You had 11 spell levels left.
You didn't know any spells.
Your spell library contained the following spells:

 Spells                   Type           Power      Damage    Failure   Level
 Apportation              Tloc           0%         N/A       71%         1
 Slow                     Hex            0%         N/A       71%         1
 Static Discharge         Conj/Air       0%         2-2/arc   85%         2
 Confusing Touch          Hex            0%         N/A       97%         3
 Frozen Ramparts          Ice            0%         1d1       97%         3
 Vampiric Draining        Necr           0%         2d6       97%         3
 Volatile Blastmotes      Fire/Tloc      0%         2d10      97%         3
 Airstrike                Air            0%         2d(0-16)  100%        4
 Cause Fear               Hex            0%         N/A       100%        4
 Fulminant Prism          Conj/Hex       0%         3d5       100%        4
 Ice Form                 Ice/Tmut       0%         N/A       100%        4
 Iskenderun's Mystic Bla  Conj/Tloc      0%         2d3       100%        4
 Summon Ice Beast         Ice/Summ       0%         N/A       100%        4
 Summon Lightning Spire   Summ/Air       0%         N/A       100%        4
 Alistair's Intoxication  Tmut/Pois      0%         N/A       100%        5
 Lee's Rapid Deconstruct  Erth           0%         3d4*      100%        5
 Dragon Form              Tmut           0%         N/A       100%        7
 Dragon's Call            Summ           0%         N/A       100%        9


Dungeon Overview and Level Annotations

Branches:
Dungeon (11/15)            Temple (1/1) D:4            Lair (1/5) D:10
    Orc (0/2) D:9           IceCv (1/1)

Altars:
Cheibriados
Dithmenos
Elyvilon
Fedhas
Gozag
Hepliaklqana
Kikubaaqudgha
Makhleb
Nemelex Xobeh
Qazlal
Ru
Sif Muna
Trog
Vehumet
Wu Jian
Xom
Yredelemnul
The Shining One

Shops:
D:6 *[

Portals:
Abyss: D:4

Annotations:
D:3 1 runed translucent door, senseless's ghost, amateur DsGl
D:4 2 transporters, Pikel; morax's ghost, amateur DECj
Temple 4 transporters IceCv exclusion: ice statue


Message History

You kill the death yak!
Beogh accepts your kill.
Your Axes skill increases to level 17!
Aiming: Smiting
Press: ? - help, Dir - move target, f - frost giant Smite: a frost giant, wielding a +1 battleaxe of freezing You smite the frost giant!
The frost giant is lightly wounded.
You can no longer recall your orcish followers.
You don't have enough magic at the moment.
Unknown command.
There are monsters nearby!
There are monsters nearby!
You start resting.
A frost giant is nearby!
You slash the frost giant!
The frost giant is moderately wounded.
The frost giant gestures at you while chanting.
The bolt of cold hits you!!!
You slash the frost giant!
The frost giant is moderately wounded.
Aiming: Smiting
Press: ? - help, Dir - move target, f/p - frost giant Smite: a frost giant, wielding a +1 battleaxe of freezing (moderately wounded)
You smite the frost giant!!
The frost giant is heavily wounded.
The frost giant hits you with a +1 battleaxe of freezing!!
The frost giant freezes you.
You don't have enough magic at the moment.
Unknown command.
The frost giant casts a spell at you. The bolt of cold hits you!!
* * * LOW HITPOINT WARNING * * *
The frost giant gestures at you while chanting.
The bolt of cold misses you. The frost giant casts a spell at you.
The bolt of cold hits you but does no damage.
The frost giant casts a spell at you. The bolt of cold hits you!!
You die...

..## ∩..##
.†..# ########
∩...#
##......#
...## #..#.#.#
..## #.#.#.#
..# ###.#..##
.##
##÷.#..#.##
.##
#..####@..##
..## ##.##
##.#.# ...#
##..# ##.##
#..# ##..##
#..## ..##
#..## ##..#
.## ##..##
#.#C# .####
##..## #..##
..#.## ##..##
#.##
.....######..#
#C.##


You could see a frost giant.

Vanquished Creatures
  A boulder beetle (D:11)
  A two-headed ogre (D:10)
  5 death yaks
  2 rime drakes (IceCv)
  3 polar bears (IceCv)
  2 trolls (D:9)
  A hornet (D:9)
  A shadow (D:11)
  2 wyverns
  12 yaks
  A wraith (D:10)
  2 water moccasins
  5 orc warriors
  An ice beast (D:8)
  2 ogres
  10 centaurs
  A wolf (IceCv)
  A phantom (D:6)
  3 bullfrogs (D:9)
  6 scorpions
  22 killer bees
  A jelly (D:7)
  5 howler monkeys
  4 hounds
  A gnoll bouda (D:4)
  3 orc priests
  3 sleepcaps
  4 orc wizards
  An iguana (D:6)
  A polar bear simulacrum (Lair:1)
  2 hell rats (D:9)
  8 gnolls
  4 adders
  5 white imps
  3 worms
  2 dart slugs
  51 orcs
  3 endoplasms
  6 giant cockroaches
  10 goblins
  4 hobgoblins
  6 jackals
  4 kobolds
  2 quokkas (D:1)
  4 ball pythons
  4 bats
  6 frilled lizards
  8 rats
239 creatures vanquished.

Vanquished Creatures (collateral kills)
  2 death yaks (D:9)
  An unseen horror (D:11)
  2 trolls
  6 yaks
  A basilisk (D:11)
  A water moccasin (Lair:1)
  An orc warrior (D:9)
  2 centaurs (D:11)
  2 howler monkeys
  An orc priest (D:9)
  A hell rat (D:9)
  A wolf simulacrum (Lair:1)
  An orc (D:11)
22 creatures vanquished.

Vanquished Creatures (others)
  6 orcs
6 creatures vanquished.

Grand Total: 267 creatures vanquished

Notes
Turn   | Place    | Note
-------+----------+-------------------------------------------
     0 | D:1      | Arzdou the Hill Orc Fighter began the quest for the Orb.
     0 | D:1      | Reached XP level 1. HP: 19/19 MP: 1/1
    98 | D:1      | Found a faded altar of an unknown god.
   112 | D:1      | Reached XP level 2. HP: 27/27 MP: 2/2
   429 | D:1      | Reached skill level 3 in Axes
   545 | D:1      | Reached XP level 3. HP: 33/33 MP: 3/3
  1226 | D:2      | Reached skill level 4 in Axes
  1421 | D:2      | Reached XP level 4. HP: 38/40 MP: 4/4
  1602 | D:3      | Identified the +0 leather armour of Imperfection {+Inv
                  | rPois rC- Dex+7}
  1864 | D:3      | Reached skill level 5 in Axes
  1912 | D:3      | Found a runed translucent door.
  1914 | D:3      | Noticed senseless's ghost (amateur DsGl)
  1918 | D:3      | Found a radiant altar of Vehumet.
  1955 | D:3      | Reached XP level 5. HP: 45/46 MP: 5/5
  2181 | D:4      | Found a staircase to the Ecumenical Temple.
  2230 | D:4      | Reached skill level 6 in Axes
  2247 | Temple   | Entered the Ecumenical Temple
  2247 | Temple   | Found a transporter.
  2247 | Temple   | Found a transporter.
  2516 | Temple   | Found a transporter.
  2516 | Temple   | Found a transporter.
  2676 | D:4      | Found a transporter.
  2842 | D:4      | Found a one-way gate to the infinite horrors of the Abyss.
  2842 | D:4      | Noticed morax's ghost (amateur DECj)
  2857 | D:4      | Found a transporter.
  2970 | D:4      | Noticed a lemure
  2970 | D:4      | Noticed a lemure
  2970 | D:4      | Noticed a lemure
  2971 | D:4      | Noticed Pikel
  2996 | D:5      | Entered Level 5 of the Dungeon
  3016 | D:5      | Reached XP level 6. HP: 31/53 MP: 6/6
  3147 | D:5      | Identified the +4 scale mail "Amiskowo" {rCorr Str+3 Dex-2}
  3232 | D:5      | Reached skill level 7 in Axes
  3233 | D:5      | Reached XP level 7. HP: 30/60 MP: 7/7
  3372 | D:5      | Noticed a two-headed ogre
  3409 | D:4      | Reached skill level 8 in Axes
  3409 | D:4      | Reached skill level 5 in Armour
  3589 | D:5      | Reached skill level 5 in Fighting
  3589 | D:5      | Reached skill level 1 in Dodging
  3789 | D:6      | Found Gemuem Bia's Gadget Gallery.
  3903 | D:6      | Found Qatoucol's Armour Shop.
  3941 | D:6      | Reached skill level 9 in Axes
  3941 | D:6      | Reached XP level 8. HP: 67/68 MP: 8/8
  4324 | D:6      | Reached skill level 10 in Axes
  4877 | D:7      | Became a worshipper of Beogh the Brigand
  4956 | D:7      | Found a burning altar of Makhleb.
  5165 | D:7      | Reached skill level 11 in Axes
  5192 | D:7      | Reached XP level 9. HP: 22/75 MP: 9/9
  5195 | D:7      | Reached skill level 1 in Stealth
  5810 | D:7      | Identified the ring "Bohesk" {rPois rN+ Dex+6}
  6208 | D:8      | Reached skill level 12 in Axes
  6343 | D:8      | Reached * piety under Beogh
  6657 | D:8      | Identified 2 scrolls of acquirement
  6658 | D:8      | Acquired 1148 gold pieces
  6660 | D:8      | Acquired the +0 pair of boots of the Elephant {Rampage
                  | Drain Slay+2}
  6888 | D:9      | Found a shimmering altar of Xom.
  6903 | D:8      | Reached skill level 1 in Invocations
  7107 | D:9      | Reached skill level 5 in Shields
  7253 | D:9      | Identified the +1 pair of gloves of Indemnity {rC++ Will-
                  | Dex+3}
  7311 | D:9      | Reached skill level 13 in Axes
  7447 | D:9      | Reached ** piety under Beogh
  7596 | D:9      | Reached XP level 10. HP: 84/84 MP: 12/12
  7720 | D:9      | Identified the +3 trident of Balance {freeze, rF+ Dex+4}
  7734 | D:9      | Found a staircase to the Orcish Mines.
  7747 | D:9      | Reached skill level 14 in Axes
  7752 | D:9      | Reached *** piety under Beogh
  8276 | D:10     | Entered Level 10 of the Dungeon
  8289 | D:10     | Noticed a death yak
  8514 | D:10     | Noticed a death yak
  8525 | D:9      | Killed a death yak
  8525 | D:9      | Killed a death yak
  8526 | D:9      | Reached skill level 15 in Axes
  8700 | D:9      | Reached skill level 5 in Invocations
  8881 | D:10     | Noticed a death yak
  8897 | D:9      | Killed a death yak
  8898 | D:9      | Reached XP level 11. HP: 66/94 MP: 13/15
  8992 | D:10     | Found a staircase to the Lair.
  9628 | D:10     | Noticed a two-headed ogre
  9642 | D:10     | Killed a two-headed ogre
  9642 | D:10     | Reached **** piety under Beogh
  9642 | D:10     | Gained Ortolf as an ally
 10362 | D:11     | Reached skill level 16 in Axes
 10613 | D:11     | Noticed a boulder beetle
 10629 | D:11     | Killed a boulder beetle
 11106 | Lair:1   | Entered Level 1 of the Lair of Beasts
 11106 | Lair:1   | Found a frozen archway.
 11274 | IceCv    | Entered an ice cave
 11623 | IceCv    | Noticed a death yak
 11648 | IceCv    | Killed a death yak
 12056 | IceCv    | Noticed a death yak
 12058 | IceCv    | Noticed a death yak
 12076 | IceCv    | Killed a death yak
 12077 | IceCv    | Reached XP level 12. HP: 18/104 MP: 17/17
 12339 | IceCv    | Killed a death yak
 12518 | IceCv    | Noticed a death yak
 12518 | IceCv    | Noticed a frost giant
 12554 | IceCv    | Killed a death yak
 12555 | IceCv    | Reached skill level 17 in Axes
 12578 | IceCv    | Killed from afar by a frost giant

Illustrated notes

Levels and vault maps discovered:
D:1:      saegor_arrival_simple_d, layout_basic,
          hellmonk_ecumenical_altar_arch_garden
D:2:      layout_loops_ring, kennysheep_generic_room_5
D:3:      layout_basic, nicolae_vehumet_altar_sigil, gammafunk_ghost_grave,
          st_stairs_12, solitary_fountain
D:4:      layout_basic, minmay_temple_entry_antechambers,
          gammafunk_ghost_abyssal_escape, uniq_pikel, uniq_grinder
D:5:      layout_gridville, gammafunk_temple_overflow_wave, minmay_manual_mares
D:6:      layout_basic, serial_shops, shop, minivault_23, minivault_5,
          hangedman_decor_lopped, nicolae_shop_gadgets
D:7:      layout_loops_corners, overflow_temple_1_default, grunt_ministairs_1,
          kennysheep_generic_room_11
D:8:      layout_basic
D:9:      layout_long_grid, mainiacjoe_overflow_paths, hiddenorc2_lemuel
D:10:     layout_irregular_city, dpeg_lair_monsters
D:11:     layout_basic
Temple:   hellmonk_temple_divided_pantheon
Lair:1:   layout_cave_shapes, portal_ice_cave_entry_ice_simulacra, minmay_holes,
          minmay_lair_oklob_bushes, beast_lair_carwin_4, uniq_nergalle
IceCv:    ice_cave_small_giant

Skill      XL: |  1  2  3  4  5  6  7  8  9 10 11 12 |
---------------+-------------------------------------+-----
Fighting       | 4 5 6 7 9 |  9.3
Axes           | 3 4 5 6 7 9 11 13 15 16 17 | 17.0
Armour         | 4 5 6 7 9 |  9.6
Shields        | 4 5 6 |  6.4
Dodging        | 1 2 3 |  3.5
Stealth        | 1 |  1.1
Invocations    | 3 5 7 |  7.8

Action                     |  1- 3 |  4- 6 |  7- 9 | 10-12 || total
---------------------------+-------+-------+-------+-------++-------
  Melee: War axe           |   100 |   143 |   309 |   329 ||   881
 Invoke: Convert to Beogh  |       |       |     1 |       ||     1
         Recall Orcish Fol |       |       |       |     2 ||     2
         Smiting           |       |       |       |     7 ||     7
    Use: Potion            |       |     1 |     1 |     3 ||     5
         Scroll            |       |       |     9 |       ||     9
   Stab: Distracted        |       |       |       |     1 ||     1
         Invisible         |       |       |       |     2 ||     2
 Armour: Scale mail        |    60 |    71 |   166 |   160 ||   457
  Dodge: Dodged            |    47 |    83 |   174 |   158 ||   462
         Repelled          |       |       |     2 |     2 ||     4
  Block: Buckler           |    19 |    44 |    84 |    79 ||   226

Table legend: (Time is in decaauts)
 A = Elapsed time spent in this place.
 B = Non-inter-level travel time spent in this place.
 C = Inter-level travel time spent in this place.
 D = Time resting spent in this place.
 E = Time spent auto-exploring this place.
 F = Levels seen in this place.
 G = Mean time per level.
                   A        B        C        D        E       F      G
               +--------+--------+--------+--------+--------+-----+--------+
         Total |  12573 |  12152 |    421 |   2984 |   6892 |  14 |  898.1 |
       Dungeon |  10961 |  10551 |    410 |   1826 |   6807 |  11 |  996.5 |
        Temple |    186 |    175 |     11 |    152 |      6 |   1 |  186.0 |
          Lair |    166 |    166 |      0 |    155 |      0 |   1 |  166.0 |
      Ice Cave |   1258 |   1258 |      0 |    851 |     79 |   1 | 1258.0 |
               +--------+--------+--------+--------+--------+-----+--------+

Top non-repeatable levels by time:
     D:9: 2168 daAuts
   IceCv: 1258 daAuts
     D:7: 1131 daAuts
     D:6: 1092 daAuts
    D:10: 990 daAuts
    D:11: 967 daAuts
     D:8: 925 daAuts
     D:1: 858 daAuts
     D:2: 773 daAuts
     D:5: 764 daAuts
     D:4: 693 daAuts
     D:3: 596 daAuts
  Temple: 186 daAuts
  Lair:1: 166 daAuts
